AoeStats
← bone app the teeth

Highland

505590146Analyzed
3v3 RM · 23d ago on Sep 10, 2026· 33m 32s· 6 players
Game mode
Random Map
Map size
Normal (6 player)
Population
200
Speed
Normal
Resources
Standard
Victory
Conquest
Starting age
Dark Age
Ending age
Imperial Age
RankedLock teamsTeams togetherTeam positionsShared explorationLock speedFull tech treeHidden civsTurbo modeCheats
Victory
Defeat
🇨🇴 Chinese · Colombia
1214
+9
🇨🇴 Britons · Colombia
1150
+11
🇦🇷 Spanish · Argentina
882
+21
🇺🇸 Hindustanis · United States
1053
-15
🇺🇸 Georgians · United States
1047
-14
🇺🇸 Britons · United States
990
-12
Aluerad
7:22 Loom
10:57 Feudal Age
12:07 Double-Bit Axe
12:07 Horse Collar
19:49 Gold Mining
20:04 Stone Mining
24:57 Castle Age
23:30 Bloodlines
24:22 Forging
24:42 Scale Barding Armor
25:54 Husbandry
26:21 Heavy Plow
26:56 Bow Saw
28:23 Iron Casting
30:28 Chain Barding Armor
30:46 Wheelbarrow
bone app the teeth
8:12 Loom
11:49 Feudal Age
12:29 Double-Bit Axe
12:27 Horse Collar
14:15 Fishing Lines
22:33 Castle Age
20:51 Scale Mail Armor
21:27 Scale Barding Armor
21:39 Gold Mining
21:52 Stone Mining
23:28 Bloodlines
23:39 Light Cavalry
26:39 Forging
30:04 Fletching
32:37 Wheelbarrow
32:42 Wheelbarrow
Onea Usix
10:40 Loom
12:25 Feudal Age
16:12 Wheelbarrow
20:09 Town Watch
20:37 Forging
20:28 Scale Mail Armor
24:20 Castle Age
23:08 Fletching
23:19 Padded Archer Armor
24:01 Double-Bit Axe
23:59 Horse Collar
25:19 Crossbowman
26:18 Leather Archer Armor
27:28 Pikeman
28:48 Bow Saw
28:52 Squires
33:00 Hand Cart
alexander114
5:12 Loom
11:34 Feudal Age
16:54 Castle Age
14:38 Horse Collar
14:45 Double-Bit Axe
15:50 Fletching
18:17 Bodkin Arrow
18:22 Padded Archer Armor
19:24 Medium Warships
21:31 Leather Archer Armor
21:38 Crossbowman
25:55 Ballistics
25:56 Pikeman
ANGELSTON
0:26 Loom
9:15 Feudal Age
10:24 Double-Bit Axe
19:54 Castle Age
17:45 Horse Collar
18:50 Scale Barding Armor
19:51 Forging
20:49 Bow Saw
20:58 Bloodlines
21:10 Chain Barding Armor
23:16 Iron Casting
26:34 Heavy Plow
29:01 Wheelbarrow
30:54 Hand Cart
32:26 Husbandry
36:25 Imperial Age
Jose Romero9022
6:50 Loom
11:38 Feudal Age
13:22 Horse Collar
14:56 Wheelbarrow
16:17 Double-Bit Axe
19:15 Gold Mining
19:16 Stone Mining
22:34 Castle Age
25:10 Stone Shaft Mining
26:36 Bow Saw
26:30 Heavy Plow
32:15 Hand Cart
32:48 Scale Barding Armor
32:54 Forging
Connection lost

Rejoining the realm…

Still unreachable

The connection could not be restored.

Session expired

The server has moved on; the page needs a fresh start.